[Event "*** Titled Tuesday Blitz"]
[Site "Chess.com"]
[Date "2020.05.05"]
[Round "9"]
[White "zubridis"]
[Black "doons21"]
[Result "1-0"]
[WhiteElo "2475"]
[BlackElo "2582"]
[TimeControl "180+1"]
[EndTime "11:48:08 PDT"]
[Termination "zubridis won by checkmate"]

1. Nf3 Nf6 2. c4 g6 3. g3 Bg7 4. Bg2 O-O 5. O-O d6 6. d4 c6 7. Nc3 Bf5 8. Ne1 Qc8 9. e4 Bh3 10. f3 Bxg2 11. Kxg2 e5 12. d5 c5 13. a3 Nh5 14.
Nd3 a6 15. Be3 Nd7 16. Rc1 Qe8 17. b4 b6 18. bxc5 Nxc5 19. Rb1 Rb8 20. Nb4 f5 21. Nc6 Rb7 22. Bxc5 dxc5 23. a4 Qd7 24. a5 bxa5 25.
Nxa5 Rb4 26. Nc6 Rxc4 27. Qd3 Rd4 28. Nxd4 cxd4 29. Ne2 Nf6 30. h3 Bh6 31. Rb3 Rc8 32.
Rfb1 fxe4 33. fxe4 Qd8 34. Qxa6 Ne8 35. Qe6+ Kh8 36. Rb7 Rc2 37. Rb8 Rxe2+ 38. Kf1 Qg5 39. Qxe8+ Kg7 40. Qf8# 1-0

[Event "*** Titled Tuesday Blitz"]
[Site "Chess.com"]
[Date "2020.05.05"]
[Round "9"]
[White "DonBroca"]
[Black "PotapovaM"]
[Result "0-1"]
[WhiteElo "2134"]
[BlackElo "2386"]
[TimeControl "180+1"]
[EndTime "11:48:08 PDT"]
[Termination "PotapovaM won by checkmate"]

1. e4 c5 2. d4 cxd4 3. c3 dxc3 4. Nxc3 d6 5. Bc4 Nc6 6. Nf3 a6 7. Qe2 Nf6 8. O-O Bg4 9. Qe3 e6 10. Rd1 Be7 11. Be2 Bxf3 12. Bxf3 O-O 13. g3 Ne5 14.
Bg2 b5 15. f4 Nc4 16. Qe2 Qb6+ 17. Kh1 Rac8 18. b3 Na5 19. Be3 Qb8 20. Rac1 Nc6 21.
Bf2 h6 22. h3 Rfd8 23. Qe3 Rd7 24. e5 dxe5 25. fxe5 Nxe5 26. Ne4 Nd5 27. Qe2 Rdc7 28. Rxc7 Qxc7 29. Qh5 Ng6 30. Bd4 Qc2 31. Rf1 Qxa2 32. b4 Rc2 33. Rg1 Rxg2 34. Rxg2 Qb1+ 35. Kh2 Qxe4 36. Bf2 Qxg2+ 37. Kxg2 Ndf4+ 38. gxf4 Nxf4+ 39. Kf3 Nxh5 40. Bc5 Bxc5 41. bxc5 Kf8 42. Ke4 Ke7 43. Ke5 f6+ 44. Kd4 Kd7 45. Kc3 Kc6 46. Kb4 e5 47. Ka5 e4 48. Kxa6 e3 49. Ka5 e2 50.
Ka6 e1=Q 51. Ka7 Qa5+ 52. Kb8 Qc7+ 53. Ka8 Qb7# 0-1

[Event "*** Titled Tuesday Blitz"]
[Site "Chess.com"]
[Date "2020.05.05"]
[Round "9"]
[White "Zurability"]
[Black "SCIM"]
[Result "1-0"]
[WhiteElo "2682"]
[BlackElo "2530"]
[TimeControl "180+1"]
[EndTime "11:48:09 PDT"]
[Termination "Zurability won by resignation"]

1. d4 Nf6 2. Nf3 g6 3. c4 Bg7 4. Nc3 d5 5. Bf4 O-O 6. e3 c5 7. dxc5 Ne4 8. Rc1 Nxc3 9. bxc3 Nd7 10. cxd5 Qa5 11. Qd2 Nxc5 12. Be5 Bxe5 13. Nxe5 Rd8 14. Bc4 Ne4 15. Qd4 Nd6 16. Bb3 Nb5 17. Qf4 Nd6 18.
O-O Bf5 19. c4 b6 20. Nc6 Qc5 21. Nxe7+ Kf8 22. Nxf5 Nxf5 23. e4 Nd4 24. Rfe1 Re8 25. e5 Rad8 26. Rcd1 Nf5 27. g4 Ng7 28. e6 Re7 29.
Re3 Kg8 30. exf7+ Rxf7 31. Qd4 Qd6 32. Rde1 Rdf8 33. Re4 h5 34. Bd1 hxg4 35. Bxg4 Nf5 36. Qe5 Qc5 37. Qe6 Ng7 38. Qxg6 Qxf2+ 39. Kh1 Rf6 40. Be6+ Rxe6 41. dxe6 Qf3+ 42. Qg2 1-0

[Event "*** Titled Tuesday Blitz"]
[Site "Chess.com"]
[Date "2020.05.05"]
[Round "9"]
[White "Maksimus1998"]
[Black "Herracek"]
[Result "0-1"]
[WhiteElo "2465"]
[BlackElo "2601"]
[TimeControl "180+1"]
[EndTime "11:48:09 PDT"]
[Termination "Herracek won by resignation"]

1. c4 c5 2. Nf3 Nc6 3. d4 cxd4 4. Nxd4 g6 5. e4 Bg7 6. Be3 Qb6 7. Nb3 Qc7 8. Qd2 Nf6 9. f3 a5 10. Nc3 a4 11.
Nd4 O-O 12. Be2 Nxd4 13. Bxd4 d6 14. O-O Be6 15. Rfc1 Qa5 16. Rc2 Rfc8 17. Rac1 Bxc4 18. Bxf6 Bxf6 19. Nd5 Qxd2 20. Nxf6+ exf6 21. Rxd2 Bxe2 22. Rxc8+ Rxc8 23. Rxe2 Kf8 24. Rd2 Ke7 25. Kf2 Rc4 26.
Ke3 Ke6 27. Kd3 Rc5 28. b4 axb3 29. axb3 f5 30. exf5+ Rxf5 31. Ra2 Rg5 32. g4 h5 33. h3 Rb5 34. Kc4 Rc5+ 35. Kd3 b5 36. Ra8 b4 37.
Re8+ Kd7 38. Rf8 Ke7 39. Rh8 hxg4 40. fxg4 Rc3+ 41. Kd4 Rxb3 42. h4 Rg3 43. g5 b3 44.
Kd5 Rd3+ 45. Kc4 Rh3 46. Kd5 Rd3+ 47. Kc4 Re3 48. Rb8 Kd7 49. Kd5 Rd3+ 50. Kc4 Rh3 51.
Kd5 Kc7 52. Rf8 b2 53. Rxf7+ Kb6 54. Rf8 Ka7 55. Rf1 Rxh4 56. Kxd6 Rb4 57. Rb1 Ka6 58. Kc5 Ka5 0-1

[Event "*** Titled Tuesday Blitz"]
[Site "Chess.com"]
[Date "2020.05.05"]
[Round "9"]
[White "FM_VS99"]
[Black "KaterinaMiroshnik"]
[Result "0-1"]
[WhiteElo "2308"]
[BlackElo "2451"]
[TimeControl "180+1"]
[EndTime "11:48:09 PDT"]
[Termination "KaterinaMiroshnik won by resignation"]

1. c4 d6 2. g3 Nd7 3. Bg2 Ngf6 4. Nf3 e5 5. d4 Be7 6. O-O O-O 7. Nc3 c6 8. e4 Qc7 9. h3 Re8 10. Be3 Bf8 11. Qc2 b6 12. Rad1 Bb7 13. d5 cxd5 14. cxd5 Rac8 15. Nd2 Nc5 16. b4 Ncd7 17. Rc1 Qb8 18. Qb3 Kh8 19. f4 Ng8 20. Nf3 exf4 21. gxf4 Ngf6 22. Nd2 g6 23. Bd4 Bg7 24. Rce1 Qc7 25.
Nb5 Qb8 26. Nc4 Rxc4 27. Qxc4 Rc8 28. Qb3 a6 29. Nc3 Qc7 30. e5 Nh5 31. Ne4 dxe5 32. d6 Qc6 33. Qc3 exd4 34. Qxc6 Bxc6 35. Ng5 Bxg2 36. Kxg2 Rc2+ 37. Kf3 Rc3+ 38. Kg4 f5+ 39. Kh4 Bf6 40. Re8+ Kg7 41. Rfe1 h6 42. R1e7+ Bxe7 43. Rxe7+ Kg8 44. Ne6 Ndf6 45. d7 Nxd7 46. Rxd7 d3 47. Rd6 Kf7 48. Nd8+ Ke7 49. Rd4 Nxf4 0-1

[Event "*** Titled Tuesday Blitz"]
[Site "Chess.com"]
[Date "2020.05.05"]
[Round "9"]
[White "crossingthestreet"]
[Black "Marty435"]
[Result "1-0"]
[WhiteElo "2301"]
[BlackElo "2497"]
[TimeControl "180+1"]
[EndTime "11:48:09 PDT"]
[Termination "crossingthestreet won by checkmate"]

1. c4 Nf6 2. Nc3 g6 3. e4 d6 4. d4 Bg7 5. Be2 O-O 6. Be3 c6 7.
g4 a6 8. g5 Nfd7 9. d5 c5 10.
h4 Qa5 11. Rc1 b5 12. Kf1 Nb6 13. cxb5 axb5 14. Nxb5 Qxa2 15. Bd2 Qxb2 16. Bc3 Bxc3 17. Nxc3 Ba6 18. h5 Bxe2+ 19. Ngxe2 N8d7 20. Nf4 Ra3 21. Nce2 Rfa8 22. hxg6 hxg6 23. Kg2 Ne5 24. Rb1 Qa2 25.
Rxb6 Qc4 26. Qb1 Kg7 27. Ng3 Rxg3+ 28. fxg3 Ra2+ 29. Rb2 Rxb2+ 30. Qxb2 Qxe4+ 31. Kg1 Qe3+ 32. Qf2 Qe4 33. Rh4 Nf3+ 34. Kf1 Qb1+ 35. Kg2 Nxh4+ 36. gxh4 Qe4+ 37. Qf3 Qc2+ 38. Kg3 c4 39. h5 c3 40. hxg6 Qd2 41. Ne6+ fxe6 42. Qf7+ Kh8 43. Qh7# 1-0

[Event "*** Titled Tuesday Blitz"]
[Site "Chess.com"]
[Date "2020.05.05"]
[Round "9"]
[White "dpopadic"]
[Black "Wolverine_master"]
[Result "1-0"]
[WhiteElo "2356"]
[BlackElo "2214"]
[TimeControl "180+1"]
[EndTime "11:48:09 PDT"]
[Termination "dpopadic won by checkmate"]

1. e4 c5 2. Nc3 g6 3. f4 Bg7 4. Nf3 Nc6 5. Bc4 e6 6. f5 Nge7 7.
fxe6 fxe6 8. d3 O-O 9. O-O d5 10. Bb3 Kh8 11. Bg5 d4 12. Ne2 e5 13. Qd2 Qd6 14.
h3 Be6 15. Bh6 Bxb3 16. axb3 a6 17. Bxg7+ Kxg7 18. Ng3 Rf4 19. Nh2 Raf8 20. Rxf4 Rxf4 21. Rf1 Qf6 22. Ne2 Rxf1+ 23. Nxf1 Nc8 24. Nh2 Nd6 25.
Ng4 Qf7 26. Qh6+ Kg8 27. Qg5 Kg7 28. Nxe5 Nxe5 29. Qxe5+ Qf6 30. Qxc5 Nf7 31. Qxd4 Qxd4+ 32. Nxd4 Ne5 33. Kf2 Kf6 34. Ke3 Nd7 35. b4 Nb6 36. b3 g5 37. Nf3 h5 38. c4 Nd7 39.
d4 g4 40. hxg4 hxg4 41. Nh2 Kg5 42. Nf1 Kh4 43. e5 Nf8 44. d5 Kg5 45. Ke4 b6 46. g3 Kg6 47. Ne3 Kh5 48. e6 Ng6 49. d6 a5 50. bxa5 bxa5 51. d7 a4 52. bxa4 Ne7 53.
d8=Q Nf5 54. Qh8+ Nh6 55. Qe5+ Kg6 56. e7 Nf7 57. Qf5+ Kh6 58. Qf6+ Kh5 59. Qxf7+ Kh6 60. Qf8+ Kg5 61. Qg8+ Kf6 62. Nd5# 1-0

[Event "*** Titled Tuesday Blitz"]
[Site "Chess.com"]
[Date "2020.05.05"]
[Round "9"]
[White "AwesomeMango"]
[Black "abubakrtagelsir"]
[Result "0-1"]
[WhiteElo "2209"]
[BlackElo "2354"]
[TimeControl "180+1"]
[EndTime "11:48:09 PDT"]
[Termination "abubakrtagelsir won by resignation"]

1. e4 d6 2. d4 Nf6 3. Nc3 g6 4. f4 Bg7 5. Nf3 O-O 6. a3 c5 7. dxc5 Qa5 8. b4 Qd8 9. Rb1 Nfd7 10. Bd2 dxc5 11. Bd3 cxb4 12. axb4 Nc6 13. O-O Nb6 14. Qe2 Bg4 15. Qf2 Bxf3 16. Qxf3 Nd4 17. Qf2 Ne6 18. Qe2 Rc8 19. Na2 Nd4 20. Qd1 e6 21. c3 Nc6 22.
Be3 Na4 23. Qd2 Ne7 24. c4 Nb2 25. Be2 Nxc4 26. Qxd8 Rfxd8 27. Bxa7 Nd2 28. Bb6 Nxb1 29. Bxd8 Rxd8 30. Rxb1 Rd2 31. Nc1 Bb2 32. Bf3 Bxc1 33. Rxc1 Nc6 34. Rc2 Rxc2 35. b5 Nd4 0-1

[Event "*** Titled Tuesday Blitz"]
[Site "Chess.com"]
[Date "2020.05.05"]
[Round "9"]
[White "Sashadav97"]
[Black "TregubovP"]
[Result "1-0"]
[WhiteElo "2766"]
[BlackElo "2516"]
[TimeControl "180+1"]
[EndTime "11:48:10 PDT"]
[Termination "Sashadav97 won by checkmate"]

1. d4 Nf6 2. c4 e6 3. Nc3 Bb4 4.
f3 c5 5. d5 O-O 6. e4 d6 7.
Ne2 b5 8. Nf4 Re8 9. Be2 bxc4 10.
dxe6 fxe6 11. O-O d5 12. e5 Nc6 13. exf6 Qxf6 14. Bd2 Nd4 15. Kh1 Bb7 16. Rc1 Rad8 17. a3 Bxc3 18. bxc3 Nf5 19. Nh3 h6 20. Qa4 e5 21.
Nf2 Kh7 22. Qxa7 Re7 23. Qxc5 Rc8 24. Qb4 Ba8 25. Ng4 Qh4 26. Kg1 d4 27. cxd4 Nxd4 28.
Bxc4 Rd8 29. Be1 Qg5 30. h4 Qxc1 31. Qxe7 Qxc4 32. Nf6+ Kg6 33. h5+ Kf5 34. g4+ Kf4 35.
Bd2+ Kg3 36. Ne4+ Kh3 37. Nf2+ Kg3 38. Ne4+ Bxe4 39. Qxe5+ Kh3 40. Qh2# 1-0

[Event "*** Titled Tuesday Blitz"]
[Site "Chess.com"]
[Date "2020.05.05"]
[Round "9"]
[White "Natalya_Buksa"]
[Black "Harry_Rakkel"]
[Result "1/2-1/2"]
[WhiteElo "2497"]
[BlackElo "2619"]
[TimeControl "180+1"]
[EndTime "11:48:10 PDT"]
[Termination "Game drawn by agreement"]

1. d4 Nf6 2. Nc3 d5 3. Bf4 e6 4. e3 Bd7 5. Nf3 c5 6. Nb5 Qa5+ 7. Qd2 Qxd2+ 8. Kxd2 Bxb5 9. Bxb5+ Nc6 10. Ne5 Rc8 11.
Nxc6 bxc6 12. Ba6 Rd8 13. f3 cxd4 14. exd4 Kd7 15. g4 Bd6 16. Be3 Rb8 17. b3 h5 18.
h3 Ng8 19. Bd3 Ne7 20. c4 dxc4 21. bxc4 Rb2+ 22. Kc3 Rhb8 23. Bc2 c5 24. Rhb1 Rxb1 25. Rxb1 Rxb1 26. Bxb1 hxg4 27. hxg4 Kc6 28. Be4+ Kb6 29. Bf2 f5 30. Bc2 g6 31. Be3 cxd4+ 32. Bxd4+ Bc5 33. Bf6 Nc6 34. gxf5 gxf5 35. Ba4 Bf2 36. Bb5 a6 37.
Ba4 Kc5 38. Bxc6 Kxc6 39. Bd4 Bg3 40. Kd3 e5 41. Bc3 Bf4 42. Bb4 Bh2 43. Be7 Bf4 44.
Bf8 1/2-1/2

[Event "*** Titled Tuesday Blitz"]
[Site "Chess.com"]
[Date "2020.05.05"]
[Round "9"]
[White "LizaSolovyova"]
[Black "Aleksandar-Topalov"]
[Result "0-1"]
[WhiteElo "2531"]
[BlackElo "2409"]
[TimeControl "180+1"]
[EndTime "11:48:10 PDT"]
[Termination "Aleksandar-Topalov won by resignation"]

1. d4 Nf6 2. Nc3 d5 3. e4 Nxe4 4. Nxe4 dxe4 5. Ne2 Bf5 6. Ng3 Bg6 7. h4 h5 8. Bf4 Nd7 9. f3 Nf6 10. Bc4 c6 11. c3 e6 12. Qb3 Qb6 13. Bxe6 Qxb3 14. Bxb3 exf3 15. gxf3 O-O-O 16. Kf2 Bd6 17. Bg5 Rhe8 18.
Rhe1 Kc7 19. Bxf6 gxf6 20. Ne4 Be7 21. Rad1 f5 22. Ng5 Bxg5 23. hxg5 f4 24. Rxe8 Rxe8 25. Re1 Rxe1 26. Kxe1 Kd6 27. Kf2 Ke7 28. Kg2 Bf5 29.
a3 f6 30. gxf6+ Kxf6 31. Bc4 Kg5 32. Bf7 Kh4 33. Be8 Bh3+ 34. Kf2 Be6 35. a4 Kg5 36. a5 Bd5 37. Bd7 Kf6 38. Bc8 b6 39. axb6 axb6 40. Bb7 Ke7 41. c4 Bxc4 42. Bxc6 Kd6 43.
Be8 h4 44. Bg6 Kd5 45. Kg2 Kxd4 46. Kh3 Bd5 47. Kxh4 Bxf3 48. Kg5 Ke3 49. Be8 Bd1 50. Kf6 f3 51. Bc6 f2 52. Bg2 Bf3 53. Bh3 Be2 54. Ke5 Kd2 55. Kd6 Ke1 56. b4 b5 0-1

[Event "*** Titled Tuesday Blitz"]
[Site "Chess.com"]
[Date "2020.05.05"]
[Round "9"]
[White "Susal_De_Silva"]
[Black "THE_PLAYER6"]
[Result "0-1"]
[WhiteElo "2253"]
[BlackElo "2426"]
[TimeControl "180+1"]
[EndTime "11:48:10 PDT"]
[Termination "THE_PLAYER6 won by resignation"]

1. e4 c5 2. Nf3 d6 3. Bb5+ Nd7 4.
O-O a6 5. Bd3 Ngf6 6. Re1 e6 7. c3 b5 8. a4 Bb7 9. axb5 axb5 10. Rxa8 Qxa8 11. Na3 b4 12. Nb5 Qa5 13. c4 Be7 14. b3 O-O 15. Bb2 e5 16. Nh4 g6 17. g3 Ra8 18. Ng2 Nf8 19. f4 N6d7 20.
Rf1 Ne6 21. f5 Nd4 22. Bxd4 exd4 23. fxg6 hxg6 24. Nf4 Ne5 25. Be2 Bxe4 26. d3 Bc6 27. h4 Bf8 28. h5 g5 29. Nh3 Be7 30. h6 Bxb5 31. cxb5 Qxb5 32. Qd2 g4 33. Ng5 Qb7 34. h7+ Kg7 35. Qf4 Bxg5 36. Qxg5+ Kxh7 37. Rf2 Ra1+ 38. Rf1 Rxf1+ 39. Kxf1 Qh1+ 40. Kf2 Qh2+ 41. Kf1 Qxg3 42. Qf5+ Kg7 43. Qg5+ Ng6 44. Bxg4 Qf4+ 45. Qxf4 Nxf4 46. Bf5 f6 47. Kf2 Nd5 48. Kf3 Ne3 49. Ke4 Nxf5 0-1

[Event "*** Titled Tuesday Blitz"]
[Site "Chess.com"]
[Date "2020.05.05"]
[Round "9"]
[White "Antelacus"]
[Black "Kate1606"]
[Result "1-0"]
[WhiteElo "2270"]
[BlackElo "2101"]
[TimeControl "180+1"]
[EndTime "11:48:11 PDT"]
[Termination "Antelacus won on time"]

1. d4 d6 2. e4 g6 3. c4 Bg7 4.
Nc3 Nf6 5. Nf3 O-O 6. Be2 c6 7.
O-O Qc7 8. Qc2 e5 9. Re1 Nbd7 10. Be3 Ng4 11. Qd2 Nxe3 12. fxe3 a5 13. Rf1 Nf6 14. Rad1 Qe7 15. d5 c5 16. Bd3 Bd7 17. Nb5 Bxb5 18. cxb5 b6 19. Qe2 Bh6 20. Nd2 Bg7 21. Nc4 Rab8 22.
Rf2 h5 23. a4 Ng4 24. Rf3 Bh6 25. h3 Nf6 26. Rdf1 Nh7 27. Qf2 Ng5 28. Rg3 Kg7 29. h4 Nh7 30. Rf3 Rb7 31. g3 Qd7 32. Kh2 Kg8 33.
Rg1 Bg7 34. Bf1 Qe7 35. Bh3 Nf6 36. Qc2 Ng4+ 37. Bxg4 hxg4 38. Rf2 Bh6 39. Qe2 Qd7 40. Rgf1 Kg7 41. Rf6 Qe7 42. Qf2 Rd7 43. Nxb6 Rb7 44. Nc4 Rd7 45. b3 g5 46. h5 Kh7 47. Qf5+ Kg7 48.
Nxa5 Ra8 49. Nc4 1-0

[Event "*** Titled Tuesday Blitz"]
[Site "Chess.com"]
[Date "2020.05.05"]
[Round "9"]
[White "KoustavChatterjee1"]
[Black "realmadridtv"]
[Result "1-0"]
[WhiteElo "2602"]
[BlackElo "2394"]
[TimeControl "180+1"]
[EndTime "11:48:12 PDT"]
[Termination "KoustavChatterjee1 won on time"]

1. d4 Nf6 2. c4 e6 3. Nc3 Bb4 4. e3 b6 5. Ne2 Ne4 6. Bd2 Nxd2 7. Qxd2 O-O 8. a3 Be7 9. d5 a5 10. g3 Bb7 11. Bg2 Na6 12. O-O Nc5 13. Nd4 e5 14. Nf5 d6 15. Qc2 a4 16. Rad1 Bf6 17. Rfe1 g6 18. Nh6+ Kh8 19. f4 Bg7 20. Ng4 exf4 21.
exf4 Qd7 22. f5 Qxf5 23. Qxf5 gxf5 24. Ne3 Rae8 25. Nxf5 Rxe1+ 26. Rxe1 Nd3 27. Re7 Nxb2 28. Nxg7 Kxg7 29. Rxc7 Ba6 30. Bf1 Re8 31. Kf2 Rc8 32. Rxc8 Bxc8 33. Ne4 Ba6 34. Nxd6 Kf6 35. Ke3 Ke7 36.
Nf5+ Kf6 37. Nd6 Ke7 38. Nb5 Bxb5 39. cxb5 Kd6 40. Kd4 Nd1 41. Bd3 h6 42. Bc2 Nf2 43.
Bxa4 Ng4 44. h4 Ne5 45. Bd1 f6 46. a4 Nd7 47. Bc2 Nc5 48. g4 1-0

[Event "*** Titled Tuesday Blitz"]
[Site "Chess.com"]
[Date "2020.05.05"]
[Round "9"]
[White "Juanovic"]
[Black "fabianvivasz"]
[Result "1-0"]
[WhiteElo "2198"]
[BlackElo "2326"]
[TimeControl "180+1"]
[EndTime "11:48:12 PDT"]
[Termination "Juanovic won on time"]

1. e4 c5 2. Nf3 d6 3. Bb5+ Nd7 4. O-O a6 5. Be2 Ngf6 6. d3 g6 7. Nbd2 Bg7 8. Re1 O-O 9. Bf1 b5 10. g3 Bb7 11. Bg2 e5 12. a4 Ne8 13. axb5 axb5 14.
Rxa8 Qxa8 15. Nf1 f5 16. Ng5 Nc7 17. c3 f4 18. Bh3 Qd8 19. Qg4 Bc8 20. Qh4 h6 21.
Ne6 Qxh4 22. gxh4 Nxe6 23. Bxe6+ Kh7 24. Nd2 Nb6 25. Bxc8 Rxc8 26. Nf3 Ra8 27. d4 cxd4 28. cxd4 Ra2 29. Kg2 Bf6 30. Re2 g5 31. hxg5 hxg5 32. h3 Kg6 33. d5 Nc4 34. Rc2 Bd8 35. Ne1 Ba5 36. Nd3 Kf6 37. Kf3 Bb6 38. Nb4 Ra4 39.
Nc6 Ra2 40. Nb4 1-0

[Event "*** Titled Tuesday Blitz"]
[Site "Chess.com"]
[Date "2020.05.05"]
[Round "9"]
[White "BelaKis"]
[Black "AnnaChessLook"]
[Result "1-0"]
[WhiteElo "2079"]
[BlackElo "2241"]
[TimeControl "180+1"]
[EndTime "11:48:12 PDT"]
[Termination "BelaKis won by resignation"]

1. Nf3 Nf6 2. g3 c5 3. Bg2 Nc6 4. O-O g6 5. d3 Bg7 6. a3 O-O 7.
Nbd2 d6 8. Rb1 a5 9. a4 Bd7 10. e4 Nd4 11. c3 Ne6 12. Ne1 Rb8 13.
f4 b5 14. axb5 Bxb5 15. h3 Nc7 16. Rf2 Nd7 17. Ndf3 Bc6 18. Qc2 e6 19. Be3 f5 20.
exf5 exf5 21. Ra1 Nd5 22. Bc1 N7f6 23. d4 Ne4 24. Kh2 Qb6 25. Re2 Rfe8 26. Ng5 Nxg5 27.
fxg5 Rxe2 28. Qxe2 Re8 29. Qc4 cxd4 30. Bxd5+ Bxd5 31. Qxd5+ Kh8 32. cxd4 Re2+ 33. Kh1 Bxd4 34. Nf3 Be5 35.
Bf4 Qf2 36. Qa8+ Kg7 37. Qa7+ Kg8 38. Qxf2 Rxf2 39. Nxe5 dxe5 40. Bxe5 Kf7 41. Rxa5 Ke6 42. Bc3 f4 43. gxf4 Rxf4 44. Ra6+ Kf5 45. Kg2 Kxg5 46. Bd2 1-0

[Event "*** Titled Tuesday Blitz"]
[Site "Chess.com"]
[Date "2020.05.05"]
[Round "9"]
[White "Oleksandr_Bortnyk"]
[Black "OK97"]
[Result "1-0"]
[WhiteElo "2989"]
[BlackElo "2723"]
[TimeControl "180+1"]
[EndTime "11:48:13 PDT"]
[Termination "Oleksandr_Bortnyk won on time"]

1. e4 c5 2. Be2 Nc6 3. d3 g6 4. f4 Bg7 5. Nf3 d5 6. c3 Nh6 7. O-O O-O 8. Qe1 f6 9. Be3 b6 10.
Na3 Bb7 11. exd5 Qxd5 12. d4 Kh8 13. dxc5 bxc5 14. Rd1 Qxa2 15. Bc4 Qxb2 16. Bxc5 Na5 17. Rb1 Nxc4 18. Rxb2 Nxb2 19. Qxe7 Bxf3 20. Rxf3 Rfe8 21.
Qb7 Rab8 22. Qxa7 Nf5 23. g3 Ra8 24. Qb7 Rab8 25. Qa6 Nd1 26. Nc2 Rb1 27. Rf1 Rb2 28.
Rxd1 Rxc2 29. Qb5 Rce2 30. Kf1 R2e6 31. c4 h5 32. Bf2 Kh7 33. c5 Rc8 34. Qb7 Rcc6 35.
Rd7 Kh6 36. h3 g5 37. g4 hxg4 38. hxg4 1-0

[Event "*** Titled Tuesday Blitz"]
[Site "Chess.com"]
[Date "2020.05.05"]
[Round "9"]
[White "Budisavljevic"]
[Black "davidkalashian"]
[Result "0-1"]
[WhiteElo "2406"]
[BlackElo "2548"]
[TimeControl "180+1"]
[EndTime "11:48:13 PDT"]
[Termination "davidkalashian won on time"]

1. d4 Nf6 2. Nf3 e6 3. Bf4 b6 4. e3 Bb7 5. Bd3 d5 6. Ne5 Bd6 7. Nd2 O-O 8. g4 Nbd7 9. h4 Ne4 10. g5 f5 11. f3 Nxd2 12. Qxd2 Bxe5 13. Bxe5 Nxe5 14. dxe5 c5 15. f4 d4 16. Rh2 dxe3 17.
Qxe3 Bd5 18. O-O-O Qc7 19. c4 Bc6 20. Rhd2 Rad8 21.
Bc2 Rxd2 22. Qxd2 Qc8 23. Qd6 Re8 24. Rd2 a6 25. Bd1 b5 26. Bb3 Be4 27. Qb6 Kf7 28.
Rd6 Re7 29. Qxa6 Qxa6 30. Rxa6 b4 31. Rd6 Ra7 32. Bc2 Bf3 33. Bb1 Be2 34. b3 Bf3 35. Kd2 h6 36. Ke3 Bh1 37. Rd8 hxg5 38. hxg5 Kg6 39.
Rc8 Ra5 40. Rc6 Bxc6 0-1

[Event "*** Titled Tuesday Blitz"]
[Site "Chess.com"]
[Date "2020.05.05"]
[Round "9"]
[White "Sjakkerntobi"]
[Black "guillembaches"]
[Result "1-0"]
[WhiteElo "2262"]
[BlackElo "2409"]
[TimeControl "180+1"]
[EndTime "11:48:13 PDT"]
[Termination "Sjakkerntobi won by resignation"]

1. e4 c5 2. Nf3 d6 3. d4 cxd4 4.
Qxd4 Nc6 5. Bb5 a6 6. Bxc6+ bxc6 7. Nc3 e5 8. Qd3 Be7 9. Nd2 Be6 10. Nc4 Nf6 11. Bg5 Qc7 12. Bxf6 gxf6 13. Ne3 Rd8 14. O-O-O h5 15. Rhf1 Bf8 16. f4 Bh6 17. Kb1 Bxf4 18.
g3 Bg5 19. Nf5 Bxf5 20. Rxf5 h4 21. g4 Ke7 22. h3 a5 23. Rdf1 Rdf8 24. Qc4 Qb6 25.
Qe2 Bf4 26. Qd3 Rb8 27. b3 Qb4 28. Ne2 Bg5 29. Qf3 Rh7 30. Qc3 Qxc3 31. Nxc3 Rb4 32. a3 Rd4 33. Rd1 Rxd1+ 34. Nxd1 Rh8 35. c4 Rb8 36.
Kc2 c5 37. Nc3 Ke6 38. a4 Rb4 39. Rf1 Rb8 40. Rd1 Be3 41. Nb5 Bd4 42. Rf1 Rg8 43. Rf5 Rg5 44. Kd3 Rxf5 45. exf5+ Ke7 46. Ke4 Bb2 47.
Kd5 Bc1 48. Na7 Kd7 49. Nc6 Bd2 50. Na7 Bb4 51. Nb5 Ke7 52. Kc6 e4 53. Nc7 e3 54.
Nd5+ Kf8 55. Nxe3 Kg7 56. Nd5 Kh6 57. Nxf6 Kg5 58. Nd5 f6 59. Kd7 Ba3 60. Ke6 Bb2 61. Kxd6 Bd4 62. Kc6 1-0

[Event "*** Titled Tuesday Blitz"]
[Site "Chess.com"]
[Date "2020.05.05"]
[Round "9"]
[White "turayev_shahruh17"]
[Black "Grandelicious"]
[Result "0-1"]
[WhiteElo "2544"]
[BlackElo "2743"]
[TimeControl "180+1"]
[EndTime "11:48:14 PDT"]
[Termination "Grandelicious won by resignation"]

1. e4 c5 2. Nc3 e6 3. g3 d5 4.
exd5 exd5 5. d4 cxd4 6. Qxd4 Nf6 7. Bg2 Nc6 8. Qa4 Bb4 9. Ne2 O-O 10. O-O h6 11.
Rd1 Bg4 12. f3 Qb6+ 13. Kh1 Be6 14. a3 Bxc3 15. Nxc3 d4 16. Ne2 Rad8 17. b4 Bc4 18. Nf4 Rfe8 19. Bb2 g5 20. Nd3 Re2 21. Re1 Bxd3 22.
Qb3 Bxc2 23. Qc4 Rxe1+ 24. Rxe1 Ba4 25. f4 Qb5 26. Qc1 g4 27. Qd2 Bb3 28. f5 Qxf5 29. Qxh6 Bd5 30. Kg1 Bxg2 31. Kxg2 Qg6 32. Qf4 Nd5 33.
Qd2 Ne3+ 34. Kh1 Qe4+ 35. Kg1 Ne5 36. Bxd4 Nf3+ 0-1

[Event "*** Titled Tuesday Blitz"]
[Site "Chess.com"]
[Date "2020.05.05"]
[Round "9"]
[White "AthanasiusLefebvre"]
[Black "Kopytkin"]
[Result "0-1"]
[WhiteElo "2111"]
[BlackElo "2327"]
[TimeControl "180+1"]
[EndTime "11:48:14 PDT"]
[Termination "Kopytkin won on time"]

1. Nf3 d5 2. g3 c5 3. Bg2 Nc6 4. O-O Nf6 5. d3 Bg4 6. c4 e6 7. Nc3 d4 8. Na4 Bd6 9. e3 e5 10. exd4 cxd4 11. Re1 O-O 12. c5 Bc7 13. Rb1 a5 14. a3 Nd5 15. Qc2 Re8 16. Bg5 f6 17. Bd2 Kh8 18. b4 axb4 19. axb4 Qd7 20. b5 Nce7 21. Rec1 Qf5 22. Nh4 Qh5 23. h3 Be6 24. Bf3 Qf7 25. Bg2 h6 26. c6 b6 27. Nb2 Ra2 28.
Ra1 Rea8 29. Rxa2 Rxa2 30. Qb1 Ra8 31. Nc4 g5 32. Nf3 Ng6 33. Qb2 Kh7 34. Ra1 Qg8 35. Nh2 f5 36. Rxa8 Qxa8 37. Nf3 Qa4 38. Bxg5 Qd1+ 39. Kh2 Qxd3 40. Bc1 Qxc4 41. Qd2 f4 42. g4 Qc3 43. Qd1 Bc8 44. Nd2 f3 45.
Bxf3 e4+ 46. Kg1 exf3 47. Nxf3 Ndf4 48. Nxd4 Qxd4 49. Qxd4 Ne2+ 50. Kf1 Nxd4 51. Be3 Nxb5 0-1

[Event "*** Titled Tuesday Blitz"]
[Site "Chess.com"]
[Date "2020.05.05"]
[Round "9"]
[White "Baby_Legs"]
[Black "Jumbo"]
[Result "1-0"]
[WhiteElo "2703"]
[BlackElo "2861"]
[TimeControl "180+1"]
[EndTime "11:48:15 PDT"]
[Termination "Baby_Legs won on time"]

1. d4 Nf6 2. c4 e6 3. Nc3 d5 4. cxd5 exd5 5. Bg5 Be7 6. e3 c6 7. Bd3 Nbd7 8. Qc2 O-O 9. Nf3 Re8 10. h3 Nf8 11. Bf4 g6 12. g4 b5 13. Ne5 Bd7 14.
O-O-O Rc8 15. Kb1 c5 16. dxc5 Rxc5 17. Qd2 Ne6 18. Ne2 Bc8 19. Nd4 Qb6 20. Rc1 Nxf4 21.
Bxb5 Ne4 22. Qe1 Rxb5 23. Nxb5 Ng2 24. Qe2 Bf6 25. Nc6 Ba6 26. a4 Nh4 27. Rhd1 d4 28.
Ncxd4 Bb7 29. f3 Ng5 30. f4 Ne4 31. g5 Bg7 32. Qc4 Nf5 33. Nxf5 gxf5 34. Qc7 Nf2 35. Qxb6 axb6 36. Rd7 Be4+ 37. Ka2 Nxh3 38. Rcd1 Nf2 39. Rd8 Kf8 40. Rxe8+ Kxe8 41. Rd6 Ng4 42. Rxb6 Nxe3 43. a5 Nc4 44. Rb8+ Kd7 45. a6 Bd5 46. b3 Na5 47.
a7 Bxb3+ 48. Ka3 Bd5 49. Rg8 1-0

[Event "*** Titled Tuesday Blitz"]
[Site "Chess.com"]
[Date "2020.05.05"]
[Round "9"]
[White "GM_LOADING"]
[Black "zmeeed67"]
[Result "0-1"]
[WhiteElo "2522"]
[BlackElo "2415"]
[TimeControl "180+1"]
[EndTime "11:48:15 PDT"]
[Termination "zmeeed67 won by resignation"]

1. e4 c5 2. Nf3 e6 3. d4 cxd4 4. Nxd4 Nf6 5. Nc3 Bb4 6. e5 Nd5 7. Bd2 Bxc3 8. bxc3 O-O 9. Bd3 d6 10. exd6 Qxd6 11. O-O Nc6 12. Nb5 Qd8 13. c4 Nf6 14. Bg5 h6 15. Bh4 b6 16. Qf3 Bb7 17. Rad1 Qe7 18.
Nd6 Na5 19. Qg3 Rad8 20. Be4 Rxd6 21. Rxd6 Bxe4 22. Rfd1 Bg6 23. c5 Qc7 24. Bxf6 gxf6 25. c6 Nc4 26. Rd7 Qxc6 27. h4 h5 28. Rxa7 Ne5 29. c3 Rc8 30. Qf4 Kg7 31. Ra6 Qxc3 32.
Rxb6 Qc2 33. Ra1 Nd3 34. Qe3 Ne5 35. Qb3 Qe2 36. a4 Ng4 37. Qf3 Qd2 38. a5 Rc1+ 0-1

[Event "*** Titled Tuesday Blitz"]
[Site "Chess.com"]
[Date "2020.05.05"]
[Round "9"]
[White "Xeniya2005"]
[Black "shnitez"]
[Result "0-1"]
[WhiteElo "2281"]
[BlackElo "2485"]
[TimeControl "180+1"]
[EndTime "11:48:15 PDT"]
[Termination "shnitez won by resignation"]

1. e4 c5 2. Nf3 e6 3. d4 cxd4 4. Nxd4 a6 5. Nc3 b5 6. Bd3 Qb6 7. Be3 Bc5 8. Nce2 Nf6 9. a3 Ng4 10. Qd2 Nxe3 11. fxe3 Be7 12. O-O d6 13. Ng3 O-O 14. Qf2 Nd7 15. Nh5 Qc5 16. Nf4 Qg5 17.
Nf3 Qh6 18. Qg3 Bb7 19. h3 Rac8 20. Qh2 e5 21. Nd5 Bxd5 22. exd5 Qxe3+ 23. Kh1 f5 24. Rae1 Qh6 25. Nd4 g6 26. Ne6 Rf7 27. Rg1 e4 28. Be2 Rxc2 29. g4 f4 30. g5 Qh4 31. Rc1 Rxc1 32. Rxc1 Bxg5 33. Rc8+ Nf8 34. Bf1 Bh6 35. Qg2 f3 36. Qh2 e3 37. Nxf8 Bxf8 38. Qxd6 e2 39. Rxf8+ Rxf8 40. Qe6+ Kg7 41. Qe5+ Qf6 42. Qc7+ Rf7 0-1